 Dungeon Crawl Stone Soup version 0.27-a0-1308-gc08437e49b (webtiles) character file.

Game seed: 10170154311228627079

5884 flotson the Skirmisher (level 10, -4/79 HPs)
             Began as a Demonspawn Delver on June 19, 2021.
             Slain by a troll (15 damage)
             ... on level 8 of the Dungeon.
             The game lasted 00:31:42 (14953 turns).

flotson the Skirmisher (Demonspawn Delver)         Turns: 14953, Time: 00:31:43

Health: -4/79      AC: 12    Str: 22    XL:     10   Next: 52%
Magic:  10/10      EV: 11    Int: 11    God:
Gold:   290        SH:  8    Dex: 15    Spells: 8/9 levels left

rFire    . . .     SeeInvis .   a - +0 broad axe
rCold    + . .     Faith    .   H - +0 kite shield
rNeg     . . .     Spirit   .   D - +4 ring mail {rC+}
rPois    .         Reflect  .   u - +2 hat
rElec    .         Harm     .   C - scarf {shadows}
rCorr    .         Rampage  .   (gloves unavailable)
Will     +....                  (no boots)
Stlth    ++........             (no amulet)
HPRegen  0.23/turn              l - ring of willpower
MPRegen  0.12/turn              x - +6 ring of strength

@: brilliant, about to teleport, attractive
A: claws 3, demonic magic 1
a: no special abilities


You were on level 8 of the Dungeon.
You visited 2 branches of the dungeon, and saw 10 of its levels.
You also visited: Bailey.

You collected 553 gold pieces.
You spent 263 gold pieces at shops.

Inventory:

Hand Weapons
 a - a +0 broad axe (weapon)
 b - a +2 hunting sling
Missiles
 p - 3 boomerangs
 v - 55 poisoned darts (quivered)
 J - 5 atropa-tipped darts
Armour
 o - a +0 ring mail of fire resistance
 u - a +2 hat (worn)
 C - a scarf of shadows (worn)
 D - a +4 ring mail of cold resistance (worn)
 H - a +0 kite shield (worn)
Jewellery
 l - a ring of willpower (left claw)
 x - a +6 ring of strength (right claw)
 F - an amulet of faith
Wands
 g - a wand of digging (3)
 j - a wand of flame (9)
Scrolls
 d - a scroll of torment {unknown}
 e - 2 scrolls of amnesia
 f - a scroll of brand weapon {unknown}
 i - a scroll of identify
 q - 2 scrolls of noise {unknown}
 r - 2 scrolls of silence {unknown}
 t - a scroll of teleportation
 y - 2 scrolls of enchant weapon {unknown}
 A - a scroll of summoning {unknown}
Potions
 m - 4 potions of curing
 z - a potion of brilliance
 B - a potion of lignification {unknown}
 G - a potion of resistance {unknown}


   Skills:
 + Level 7.1 Fighting
 + Level 6.1 Axes
 + Level 5.5 Throwing
 + Level 5.7 Armour
 + Level 6.0 Dodging
 - Level 4.5 Stealth
 + Level 0.6 Shields
 - Level 3.0 Summonings
 - Level 6.0 Evocations


You had 8 spell levels left.
You knew the following spells:

 Your Spells              Type           Power      Damage    Failure   Level
a - Summon Small Mammal   Summ           36%        N/A       71%         1

Your spell library contained the following spells:

 Spells                   Type           Power      Damage    Failure   Level
 Animate Skeleton         Necr           0%         N/A       98%         1
 Apportation              Tloc           0%         N/A       98%         1
 Corona                   Hex            0%         N/A       98%         1
 Sandblast                Erth           0%         2d4       98%         1
 Passwall                 Tmut/Erth      0%         N/A       99%         2
 Stone Arrow              Conj/Erth      0%         3d7       100%        3
 Petrify                  Tmut/Erth      0%         N/A       100%        4
 Lee's Rapid Deconstruct  Erth           0%         3d5*      100%        5


Dungeon Overview and Level Annotations

Branches:
Dungeon (9/15)             Temple (1/1) D:4          Bailey (visited)
   Lair: D:8-11         Orc: D:9-12

Altars:
Ashenzari
Dithmenos
Elyvilon
Fedhas
Hepliaklqana
Kikubaaqudgha
Nemelex Xobeh
Okawaru
Qazlal
Ru
Sif Muna
Trog
Uskayaw
Wu Jian
Xom
Yredelemnul
Zin
The Shining One
Beogh
Lugonu

Shops:
D:3 (


Innate Abilities, Weirdness & Mutations

You have claws for hands.
Spells you cast may paralyse adjacent enemies.


Message History

Found a chain mail.
Found a stone staircase leading up.
The troll is pulled toward you! The troll is pulled toward you!
The troll shouts!
Okay, then.
Unknown command.
Okay, then.
The centaur is pulled toward you!
There is a stone staircase leading up here.
The troll bites you.
* * * LOW HITPOINT WARNING * * *
You block the troll's attack. The troll barely misses you.
The centaur is pulled toward you!
You climb upwards. 2 orcs and a centaur come into view.
The orc shouts! x2; You hear a shout!
The centaur wields a +0 shortbow.
The centaur shoots an arrow.
The arrow misses you.
The centaur shoots an arrow.
The arrow barely misses you.
An orc comes into view. It is wielding a +0 club.
The orc is pulled toward you! x2; The centaur is pulled toward you!
The orc is pulled toward you!
Found 11 gold pieces.
There is a stone staircase leading down here.
As you read the scroll of teleportation, it crumbles to dust.
You feel strangely unstable. The troll bites you!
* * * LOW HITPOINT WARNING * * *
The troll claws you!
* * * LOW HITPOINT WARNING * * *
You block the troll's attack. The orc hits you but does no damage.
The orc is pulled toward you! x2
You feel better. You block the troll's attack. The troll barely misses you.
You block the troll's attack. The orc closely misses you.
An orc priest comes into view. It is wielding a +0 whip.
The orc hits you but does no damage. The orc is pulled toward you!
The orc priest is pulled toward you! The orc is pulled toward you!
The orc priest is pulled toward you! You block the orc's attack.
The centaur unwields a +0 shortbow.
You block the centaur's attack. The centaur closely misses you.
The troll bites you!
You die...

#......#
#......#
#......#
#......#####
#...........
#...........
#..>........
#..ocT......
#o.oo@......
......########
......#
.......+
...$...#
......


You could see a troll, a centaur, an orc priest (wandering) and 3 orcs.

Vanquished Creatures
  Pikel (D:4)
  A centaur zombie (D:5)
  The ghost of pokeman the Thaumaturge, a novice DEWz (D:4)
  Sigmund (D:2)
  6 yaks (D:7)
  Eustachio (D:4)
  2 steam dragons
  3 sky beasts
  4 orc warriors
  A black bear (D:6)
  2 ice beasts
  4 ogres
  2 centaurs
  2 lemures
  2 phantoms
  Blork the orc (D:6)
  A gnoll sergeant (D:7)
  A bullfrog (D:6)
  A wyvern zombie (D:6)
  2 scorpions (D:6)
  2 water moccasin zombies
  9 wights
  2 jellies
  A howler monkey (D:6)
  6 hounds
  3 gnoll shamans
  5 orc priests
  A centaur skeleton (D:7)
  Ijyb (D:3)
  3 orc wizards
  A killer bee zombie (D:6)
  Robin (D:3)
  A howler monkey zombie (D:3)
  16 gnolls
  7 adders
  2 ufetubi
  3 adder zombies (D:3)
  An adder skeleton (D:3)
  2 worms
  A dart slug (D:1)
  22 orcs
  4 bats
  6 endoplasms
  3 giant cockroaches
  21 goblins
  21 hobgoblins
  5 jackals
  6 quokkas
  7 ball pythons
  5 frilled lizards
  A giant cockroach zombie (D:3)
  12 kobolds
  3 quokka skeletons
  7 rats
230 creatures vanquished.

Vanquished Creatures (others)
  A goblin (D:3)
  23 plants (D:7)
  7 withered plants (D:3)
31 creatures vanquished.

Grand Total: 261 creatures vanquished

Notes
Turn   | Place    | Note
-------+----------+-------------------------------------------
     0 | D:5      | flotson the Demonspawn Delver began the quest for the Orb.
     0 | D:5      | Reached XP level 1. HP: 18/18 MP: 1/1
   117 | D:5      | Noticed a centaur
   214 | D:4      | Gained mutation: Spells you cast may paralyse adjacent
                  | enemies. [demonic ancestry]
   214 | D:4      | Reached XP level 2. HP: 2/24 MP: 2/2
   601 | D:2      | Noticed a phantom
   646 | D:1      | Reached skill level 1 in Armour
   653 | D:1      | Reached XP level 3. HP: 5/29 MP: 3/3
  2152 | D:2      | Gained mutation: You have sharp fingernails. [demonic
                  | ancestry]
  2152 | D:2      | Reached XP level 4. HP: 30/35 MP: 4/4
  2485 | D:2      | Noticed Sigmund
  2499 | D:3      | Found an ancient bone altar of Kikubaaqudgha.
  3357 | D:2      | Found a faded altar of an unknown god.
  3434 | D:3      | Found Zotie's Antique Weapon Emporium.
  3592 | D:2      | Killed Sigmund
  3593 | D:2      | Reached skill level 4 in Fighting
  3593 | D:2      | Reached skill level 1 in Throwing
  3593 | D:2      | Reached skill level 1 in Evocations
  3593 | D:2      | Reached XP level 5. HP: 29/42 MP: 5/5
  3593 | D:2      | Reached XP level 6. HP: 34/48 MP: 6/6
  4159 | D:3      | Bought a jewelled dagger for 119 gold pieces
  4159 | D:3      | Identified the +5 dagger "Ryugier" {protect, rElec Will+
                  | Str+4 Int+4} (You bought it in a shop on level 3 of the
                  | Dungeon)
  4365 | D:3      | Noticed Ijyb
  4389 | D:3      | Killed Ijyb
  4390 | D:3      | Gained mutation: You have very sharp fingernails. [demonic
                  | ancestry]
  4390 | D:3      | Reached XP level 7. HP: 39/55 MP: 7/7
  4489 | D:3      | Found a hazy altar of Hepliaklqana.
  4577 | D:3      | Found a sparkling altar of Nemelex Xobeh.
  4872 | D:3      | Noticed Robin
  4903 | D:3      | Killed Robin
  5105 | D:4      | Found a staircase to the Ecumenical Temple.
  5134 | Temple   | Entered the Ecumenical Temple
  5226 | D:4      | Learned a level 1 spell: Summon Small Mammal
  5405 | D:4      | Noticed Eustachio
  5426 | D:4      | Found a blossoming altar of Fedhas.
  5445 | D:4      | Killed Eustachio
  5716 | D:5      | Found a shimmering blue altar of Sif Muna.
  6199 | D:5      | Reached skill level 1 in Summonings
  6543 | D:5      | Reached XP level 8. HP: 25/61 MP: 8/8
  6914 | D:5      | Found a runed translucent gate.
  6915 | D:5      | Found a runed translucent gate.
  6915 | D:5      | Noticed pokeman's ghost (novice DEWz)
  6916 | D:5      | Found a runed translucent gate.
  6965 | D:5      | Found a bloodstained altar of Trog.
  7025 | D:5      | Reached skill level 5 in Fighting
  7526 | D:5      | Found an ornate altar of the Wu Jian Council.
  8521 | D:6      | Reached XP level 9. HP: 38/68 MP: 9/9
  8782 | D:6      | Noticed Pikel
  9315 | D:4      | Killed Pikel
  9623 | D:4      | Killed pokeman's ghost
  9624 | D:4      | Reached skill level 6 in Fighting
  9624 | D:4      | Reached skill level 5 in Axes
  9870 | D:5      | Reached skill level 5 in Dodging
 10238 | D:6      | Noticed Blork the orc
 10758 | D:6      | Reached skill level 5 in Evocations
 10826 | D:6      | Killed Blork the orc
 11128 | D:3      | Bought an iridescent long sword for 144 gold pieces
 11128 | D:3      | Identified the +2 long sword "Sevikh" {speed, Stlth+} (You
                  | bought it in a shop on level 3 of the Dungeon)
 11246 | D:7      | Reached skill level 5 in Armour
 11583 | D:7      | Found a broken altar of Ashenzari.
 12102 | D:7      | Gained mutation: You have claws for hands. [demonic
                  | ancestry]
 12102 | D:7      | Reached XP level 10. HP: 71/77 MP: 10/10
 12308 | D:7      | Reached skill level 5 in Throwing
 13843 | D:7      | Reached skill level 7 in Fighting
 14674 | D:8      | You fall into a shaft and drop 1 floor!
 14713 | D:9      | Found a flagged portal.
 14719 | Bailey   | Entered a bailey
 14719 | Bailey   | Noticed an orc knight
 14719 | Bailey   | Noticed an orc knight
 14950 | D:8      | HP: 1/79 [troll (7)]
 14953 | D:8      | Slain by a troll

Illustrated notes

Levels and vault maps discovered:
D:1:      scummos_arrival_simple_crosswalls, layout_basic, corexii_corridor_pit
D:2:      layout_basic, hellmonk_ecumenical_altar_inner_sanctum,
          minmay_circle_x, uniq_sigmund
D:3:      layout_loops_cross, nemelex_diamond_rough_becter,
          nzn_hepliaklqana_mist_gate, nicolae_kikubaaqudgha_miasma_corner,
          serial_undead, serial_undead_b, serial_undead_e, serial_undead_d,
          serial_undead_a, serial_undead_e, serial_undead_a, serial_undead_d,
          serial_undead_f, serial_undead_b, serial_undead_b, serial_shops,
          shop_statue, uniq_ijyb, uniq_robin
D:4:      layout_basic, kennysheep_mini, minmay_temple_entry_crystal_x,
          uniq_eustachio
D:5:      layout_layer_cave, nicolae_sif_muna_condensation,
          general_overflow_altar, nicolae_overflow_crystal_walls,
          biasface_ghost_orc_armoury
D:6:      black_bear_nest_1, layout_loops_ring, kennysheep_big_empty_room,
          minmay_ogre_servants, uniq_pikel, uniq_blork_the_orc
D:7:      kennysheep_housing_project, layout_loops_ring, amcnicky_altar_gilded,
          lemuel_crystal_altar
D:8:      layout_gridville, lair_entry_dummy, serial_shops, shop,
          nrook_mini_vaults
D:9:      layout_rooms, old_standard_altar, enter_bailey_7
Temple:   corrupted_temple

Skill      XL: |  1  2  3  4  5  6  7  8  9 10 |
---------------+-------------------------------+-----
Axes           | 2 3 4 5 6 |  6.1
Dodging        | 2 3 4 5 6 |  6.0
Armour         | 1 2 3 4 5 |  5.7
Fighting       | 4 5 6 7 |  7.1
Throwing       | 1 2 3 4 5 |  5.5
Evocations     | 1 2 3 4 5 6 |  6.0
Summonings     | 1 3 |  3.0
Stealth        | |  4.5
Shields        | |  0.6

Action                   |  1- 3 |  4- 6 |  7- 9 | 10-12 || total
-------------------------+-------+-------+-------+-------++-------
Melee: Hand axe          |   137 |       |       |       ||   137
       War axe           |    26 |   117 |       |       ||   143
       Dagger            |       |    79 |   619 |   198 ||   896
       Broad axe         |       |       |       |    80 ||    80
Throw: Dart              |       |    10 |    35 |    24 ||    69
       Boomerang         |       |     3 |    12 |    13 ||    28
 Cast: Summon Small Mamm |       |       |     1 |       ||     1
Evoke: Wand              |       |       |     7 |     6 ||    13
  Use: Potion            |     2 |     4 |     1 |     4 ||    11
       Scroll            |     1 |     2 |       |     7 ||    10
 Stab: Sleeping          |     3 |     1 |     8 |     1 ||    13
       Fleeing           |       |     1 |       |       ||     1
       Distracted        |       |     1 |     1 |       ||     2
       Invisible         |       |       |     3 |       ||     3
       Confused          |       |       |     1 |     1 ||     2
       Paralysed         |       |       |     2 |     2 ||     4
Armor: Scale mail        |    82 |       |    73 |       ||   155
       Ring mail         |     3 |    78 |   269 |   147 ||   497
Dodge: Dodged            |    98 |   129 |   407 |   183 ||   817
Block: Kite shield       |       |       |       |    78 ||    78

Table legend: (Time is in decaauts)
 A = Elapsed time spent in this place.
 B = Non-inter-level travel time spent in this place.
 C = Inter-level travel time spent in this place.
 D = Time resting spent in this place.
 E = Time spent auto-exploring this place.
 F = Levels seen in this place.
 G = Mean time per level.
                   A        B        C        D        E       F      G
               +--------+--------+--------+--------+--------+-----+--------+
         Total |  15066 |  14357 |    709 |   1754 |   9374 |  11 | 1369.6 |
       Dungeon |  14811 |  14114 |    697 |   1616 |   9343 |   9 | 1645.7 |
        Temple |     43 |     31 |     12 |      0 |     31 |   1 |   43.0 |
        Bailey |    211 |    211 |      0 |    138 |      0 |   1 |  211.0 |
               +--------+--------+--------+--------+--------+-----+--------+

Top non-repeatable levels by time:
     D:5: 3298 daAuts
     D:7: 3132 daAuts
     D:4: 1955 daAuts
     D:6: 1820 daAuts
     D:2: 1637 daAuts
     D:1: 1558 daAuts
     D:3: 1325 daAuts
  Bailey: 211 daAuts
     D:9: 63 daAuts
  Temple: 43 daAuts
     D:8: 20 daAuts
